 Dungeon Crawl Stone Soup version 0.29.1-15-g9cfb28693d (webtiles) character file.

Game seed: 6129365698240073267

341 zeram the Chopper (level 6, -1/53 HPs)
             Began as a Hill Orc Fighter on Mar 18, 2023.
             Was an Initiate of Qazlal.
             Killed by divine providence
             ... invoked by an orc priest
              (13 damage)
             ... on level 5 of the Dungeon.
             The game lasted 00:05:49 (4291 turns).

zeram the Chopper (Hill Orc Fighter)                Turns: 4291, Time: 00:05:49

Health: -1/53      AC:  7    Str: 21    XL:     6   Next: 56%
Magic:  6/6        EV:  9    Int:  8    God:    Qazlal [......]
Gold:   321        SH:  5    Dex: 10    Spells: 2/5 levels left

rFire   . . .      SeeInvis .   a - +1 war axe
rCold   . . .      Faith    .   e - +1 buckler {reflect}
rNeg    . . .      Spirit   .   b - +0 scale mail
rPois   .          Reflect  +   (no helmet)
rElec   .          Harm     .   (no cloak)
rCorr   .          Rampage  .   (no gloves)
Will    .....                   (no boots)
Stlth   ..........              (no amulet)
HPRegen 0.17/turn               (no ring)
MPRegen 0.10/turn               (no ring)

@: no status effects
A: no striking features
a: Renounce Religion, Convert to Beogh


You were on level 5 of the Dungeon.
You worshipped Qazlal.
Qazlal was noncommittal.
You visited 2 branches of the dungeon, and saw 6 of its levels.

You collected 321 gold pieces.

Inventory:

Hand Weapons
 a - a +1 war axe (weapon)
Armour
 b - a +0 scale mail (worn)
 c - a +0 buckler
 e - a +1 buckler of reflection (worn)
Jewellery
 p - a +4 ring of evasion
 s - a ring of resist corrosion
 t - an amulet of the acrobat
Wands
 i - a wand of charming (2)
 j - a wand of mindburst (12)
 o - a wand of digging (6)
 r - a wand of acid (8)
Scrolls
 g - 3 scrolls of fear
 h - 3 scrolls of teleportation
 q - a scroll of identify
Potions
 k - 2 potions of curing
 l - a potion of attraction
 m - 3 potions of ambrosia
 n - a potion of brilliance


   Skills:
 + Level 4.7 Fighting
 + Level 6.2 Axes
 + Level 4.8 Armour
 + Level 0.7 Dodging
 + Level 4.1 Shields


You had 2 spell levels left.
You knew the following spells:

 Your Spells              Type           Power      Damage    Failure   Level
a - Swiftness             Air            0%         N/A       99%         3

Your spell library contained the following spells:

 Spells                   Type           Power      Damage    Failure   Level
 Shock                    Conj/Air       0%         1d3       83%         1
 Airstrike                Air            0%         2d(0-16)  100%        4


Dungeon Overview and Level Annotations

Branches:
Dungeon (5/15)             Temple (1/1) D:4

Altars:
Cheibriados
Dithmenos
Makhleb
Qazlal
Sif Muna
Trog
Vehumet
Wu Jian
Xom
Zin

Shops:
D:3 [*[


Message History

The orc priest hits you but does no damage.
The orc priest calls down the wrath of Beogh upon you.
Beogh smites you!
You barely miss the orc priest.
The orc priest is moderately wounded.
The orc priest mumbles some strange prayers to Beogh against you.
Beogh smites you! You block the orc priest's attack.
The orc priest shouts, "Beogh is our master!
Accept the truth or die!"
You hit the orc priest but do no damage.
The orc priest is moderately wounded.
You hit the orc priest.
The orc priest mumbles some strange prayers to Beogh against you.
Beogh smites you! The orc priest barely misses you.
The orc priest hits you with a +0 dagger.
The orc priest mumbles some strange prayers to Beogh against you.
Pain shoots through your body!
* * * LOW HITPOINT WARNING * * *
The orc priest begins to cast a cantrip, but forgets the words!
The orc priest shouts, "Join the one true god or die!"
You hit the orc priest but do no damage.
The orc priest is moderately wounded.
You barely miss the orc priest.
The orc priest shouts, "Surrender to Beogh and we'll let you live!"
The orc priest hits you but does no damage.
The orc priest mumbles some strange prayers to Beogh against you.
Pain shoots through your body!
* * * LOW HITPOINT WARNING * * *
The orc priest shouts, "Join the one true god or die!"
You hit the orc priest.
The orc priest is severely wounded.
You closely miss the orc priest.
The orc priest hits you but does no damage.
The orc priest calls upon Beogh to heal the orc priest.
The orc priest is healed somewhat.
You feel better.
The orc priest looks satisfied for a moment.
The orc priest looks braver for a moment.
The orc priest mumbles some strange prayers to Beogh against you.
Beogh smites you!
You die...

..... <.. #......
.. ..... .. ..
.... . ... ... .##
. . #.##
#.##..#...
..#...##.#o......
#......#.@oo.....
#........######..
#........#
........##
.........###
.....#.).#.###
...^.##......#####
...###...........#
...#.#...##..#....


You could see 3 orc priests.

Vanquished Creatures
  An ogre (D:4)
  Terence (D:3)
  An iguana (D:4)
  Ijyb (D:3)
  An orc wizard (D:3)
  8 adders
  A worm (D:2)
  2 dart slugs
  5 orcs
  8 endoplasms
  5 giant cockroaches
  7 goblins
  9 hobgoblins
  3 quokkas
  12 ball pythons
  7 bats
  2 frilled lizards (D:3)
  4 kobolds
  6 rats
84 creatures vanquished.

Notes
Turn   | Place    | Note
-------+----------+-------------------------------------------
     0 | D:1      | zeram the Hill Orc Fighter began the quest for the Orb.
     0 | D:1      | Reached XP level 1. HP: 19/19 MP: 1/1
    46 | D:1      | Reached XP level 2. HP: 20/27 MP: 2/2
   476 | D:1      | Reached skill level 3 in Axes
   731 | D:1      | Reached XP level 3. HP: 31/33 MP: 3/3
  1165 | D:2      | Found a faded altar of an unknown god.
  1215 | D:2      | Reached skill level 4 in Axes
  1226 | D:2      | Reached XP level 4. HP: 38/40 MP: 4/4
  1958 | D:2      | Learned a level 3 spell: Swiftness
  2040 | D:3      | Noticed Ijyb
  2065 | D:3      | Killed Ijyb
  2133 | D:3      | Found Ohigieg's Armour Emporium.
  2142 | D:3      | Reached XP level 5. HP: 30/45 MP: 5/5
  2375 | D:3      | Reached skill level 5 in Axes
  2525 | D:3      | Found a shimmering blue altar of Sif Muna.
  2549 | D:3      | Found Myraof's Assorted Antiques.
  2603 | D:3      | Found Zurgh's Armour Shoppe.
  2790 | D:3      | Found a radiant altar of Vehumet.
  2839 | D:3      | Noticed Terence
  2851 | D:3      | Killed Terence
  3260 | D:4      | Found a staircase to the Ecumenical Temple.
  3274 | Temple   | Entered the Ecumenical Temple
  3279 | Temple   | Became a worshipper of Qazlal Stormbringer
  3522 | D:4      | Reached XP level 6. HP: 49/53 MP: 6/6
  4084 | D:5      | Entered Level 5 of the Dungeon
  4099 | D:4      | Reached skill level 6 in Axes
  4291 | D:5      | Killed from afar by an orc priest

Illustrated notes

Levels and vault maps discovered:
D:1:      dpeg_arrival_tiny_f, layout_basic, minmay_vboxes
D:2:      layout_loops_ring, basic_ecumenical_altar
D:3:      layout_basic, vehumet_crystals, amcnicky_altar_gilded, serial_shops,
          nicolae_shop_crystal, shop_statue, shop, uniq_terence, uniq_ijyb
D:4:      layout_gridville, minmay_temple_entry_statues_fountains
D:5:      layout_cave_pools, gammafunk_temple_overflow_forgotten,
          serial_column_ruins, column_ruins_grid_5, column_ruins_grid_3,
          column_ruins_grid_1, column_ruins_open_tiny, column_ruins_grid_1
Temple:   hellmonk_temple_micro_hex

Skill      XL: |  1  2  3  4  5  6 |
---------------+-------------------+-----
Axes           | 3 4 5 6 |  6.2
Fighting       | 4 |  4.7
Armour         | 4 |  4.8
Shields        | 4 |  4.1
Dodging        | |  0.7

Action                   |  1- 3 |  4- 6 || total
-------------------------+-------+-------++-------
Melee: War axe           |   100 |   137 ||   237
  Use: Scroll            |     4 |     5 ||     9
       Potion            |     2 |     4 ||     6
Armor: Scale mail        |    50 |    65 ||   115
Dodge: Dodged            |    47 |    58 ||   105
Block: Buckler           |    35 |    33 ||    68
       Reflection        |     2 |     2 ||     4
